 Dungeon Crawl Stone Soup version 0.18-a0-739-gdae9da8 (webtiles) character file.

8 Raultor the Slasher (level 2, 17/23 HPs)
             Began as a Demonspawn Gladiator on Dec 10, 2015.
             Quit the game on level 1 of the Dungeon.
             The game lasted 00:01:08 (224 turns).

Raultor the Slasher (Demonspawn Gladiator)           Turns: 224, Time: 00:01:08

Health: 17/23      AC:  4    Str: 15    XL:     2   Next: 0%
Magic:  2/2        EV: 12    Int:  9    God:
Gold:   42         SH:  0    Dex: 15    Spells: 0 memorised, 1 level left

rFire  . . .     SeeInvis .     a - +0 long sword
rCold  . . .     Clarity  .     b - +0 leather armour
rNeg   . . .     SustAt   .     (no shield)
rPois  .         Gourm    .     c - +0 helmet
rElec  .         Spirit   .     (no cloak)
rCorr  .         Dismiss  .     (no gloves)
rMut   .         Stasis   .     (no boots)
MR     .....                    (no amulet)
Stlth  ++........               (no ring)
                                (no ring)

@: not resistant to hostile enchantments, unstealthy
A: thin skeletal structure 1
a: no special abilities


You were on level 1 of the Dungeon.
You were not hungry.

You visited 1 branch of the dungeon, and saw 1 of its levels.

You collected 42 gold pieces.

Inventory:

Hand Weapons
 a - a +0 long sword (weapon)
Missiles
 d - 3 throwing nets {=f, !d}
Armour
 b - a +0 leather armour (worn)
 c - a +0 helmet (worn)
Jewellery
 f - a cursed -6 ring of dexterity {unknown}
   (You found it on level 1 of the Dungeon)
 g - a cursed ring of teleportation {unknown}
   (You found it on level 1 of the Dungeon)
 i - an uncursed ring of wizardry {unknown}
   (You found it on level 1 of the Dungeon)
Scrolls
 j - a scroll of identify {unknown}
 k - a scroll of blinking {unknown}
Potions
 h - a potion of brilliance {unknown}
Comestibles
 e - a bread ration {@e1}
 l - a slice of pizza
 m - 2 chunks of flesh {@w0}


   Skills:
 + Level 2.3 Fighting
 * Level 2.9 Long Blades
 - Level 1.7 Throwing
 + Level 0.1 Armour
 + Level 2.7 Dodging


You had one spell level left.
You didn't know any spells.

Dungeon Overview and Level Annotations

Branches:
Dungeon (1/15)

Altars:

Annotations:
D:1 1 runed door


Innate Abilities, Weirdness & Mutations

You have a somewhat thin skeletal structure (Dex +2, Stealth).


Message History

The ooze quivers. x2
The jackal barks! x2
You hear a bark! x2
The ooze jiggles.
The rat twitches its whiskers.
There is a fountain of clear blue water here.
As you open the door, it creaks loudly!
There is an open door here.
f - an encrusted cabochon ring No target in view!
You now have 10 gold pieces.
You see here 16 stones.
You see here a leather armour.
You now have 14 gold pieces (gained 4).
As you open the door, it creaks loudly!
There is an open door here.
You now have 30 gold pieces (gained 16).
You open the door.
Found a stone staircase leading down.
A giant cockroach comes into view.
The giant cockroach closely misses you.
You hit the giant cockroach. The giant cockroach bites you.
The giant cockroach bites you but does no damage.
You take 1 damage, and have 15/16 hp.
You barely miss the giant cockroach. The giant cockroach closely misses you.
You slash the giant cockroach!
You kill the giant cockroach!
No target in view!
You see here 19 bolts.
As you open the door, it creaks loudly!
There is an open door here.
g - a shiny coral ring Health restored: 16
h - a fizzy coppery potion
i - a scratched marble ring Put on which piece of jewellery? (? for menu, Esc to quit)
Okay, then.
j - a scroll labeled BILYF KEORIGI Read which item? (? for menu, Esc to quit)
Okay, then.
You open the door.
A rat comes into view.
You hit the rat but do no damage. The rat completely misses you.
The rat bites you.
You take 2 damage, and have 14/16 hp.
You barely miss the rat. The rat bites you but does no damage.
You hit the rat.
You kill the rat!
No target in view!
There is an open door here.
A rat comes into view.
The rat bites you but does no damage.
You barely miss the rat. The rat closely misses you.
You slash the rat!
You kill the rat!
No target in view!
k - a scroll labeled WYSSUEBLIUS
l - a slice of pizza You now have 42 gold pieces (gained 12). 2 jackals come into view.
Health restored: 16 A jackal comes into view.
The jackal barks! x3
The jackal moves out of view.
You slash the jackal!
You kill the jackal!
The jackal completely misses you.
You hit the jackal but do no damage. The jackal closely misses you.
You closely miss the jackal. The jackal closely misses you.
The jackal bites you. The jackal closely misses you.
The jackal bites you but does no damage.
You take 3 damage, and have 13/16 hp.
You barely miss the jackal. The jackal bites you.
The jackal bites you but does no damage.
The jackal closely misses you.
You take 1 damage, and have 12/16 hp.
You slash the jackal!
You kill the jackal!
The jackal barely misses you.
The jackal bites you but does no damage.
You closely miss the jackal. The jackal barely misses you.
The jackal closely misses you.
You barely miss the jackal. The jackal barely misses you.
You slash the jackal! The jackal closely misses you.
The jackal bites you but does no damage.
You barely miss the jackal. The jackal closely misses you.
The jackal closely misses you.
You slash the jackal!
You kill the jackal!
No target in view!
You see here a jackal corpse.
You butcher the jackal corpse.
m - 2 chunks of flesh {@w0} A ball python comes into view.
You hit the ball python.
You kill the ball python!
You have reached level 2!
Your demonic ancestry asserts itself...
Your bones become slightly less dense.
You regained 4 hp, and now have 17/23 hp.
MP restored: 2

..................
............##.##
##.....##.#.# .#
#.....##.#.# ..
#.....##(#.# #.
#.....##.#.# #.##
#.#'####.#.# ..#
#.#.####.#.# #.#
#.#......#.# #@#
#.#..[...#.####.##########
#.#......(....(..........#
#.#....#.#.#####.###.....#
#.#.)..#.#.##............#
#.#....#.#.##.##†.#......#
#.####.#.#.##.#...# .....#
#.# #.#......#...#.#+####
#.####...#.##.#.....#


There were no monsters in sight!

Vanquished Creatures
  A ball python (D:1)
  A giant cockroach (D:1)
  3 jackals (D:1)
  2 rats (D:1)
7 creatures vanquished.

Notes
Turn   | Place    | Note
--------------------------------------------------------------
     0 | D:1      | Raultor the Demonspawn Gladiator began the quest for the Orb.
     0 | D:1      | Reached XP level 1. HP: 16/16 MP: 1/1
     1 | D:1      | Found a runed door.
   223 | D:1      | Gained mutation: You have a somewhat thin skeletal structure (Dex +2, Stealth). [demonic ancestry]
   223 | D:1      | Reached XP level 2. HP: 17/23 MP: 2/2
   224 | D:1      | Quit the game

Vault maps used:
D:1:      dpeg_arrival_caged_fury, moated_statue, grunt_decor_cap,
          dk_noncrumbling_4, minivault_23

Action                   || total
-------------------------++-------
Melee: Long sword        ||    19

Vault maps used:
D:1:      dpeg_arrival_caged_fury, moated_statue, grunt_decor_cap,
          dk_noncrumbling_4, minivault_23

Table legend:
 A = Turns spent in this place as a percentage of turns spent in the entire game.
 B = Non-inter-level travel turns spent in this place as a percentage of non-inter-level travel turns spent in the entire game.
 C = Inter-level travel turns spent in this place as a percentage of turns spent in this place.
 D = Turns resting spent in this place as a percentage of non-inter-level travel turns spent in this place.
 E = Turns spent auto-exploring this place as a percentage of non-inter-level travel turns spent in this place.
 F = Non-inter-level travel turns spent in this place divided by the number of levels of this place that you've seen.
                   A       B       C       D       E      F
               +-------+-------+-------+-------+-------+----------------------
         Total | 100.0 | 100.0 |   0.0 |   0.0 |  23.5 |  51.0
       Dungeon | 100.0 | 100.0 |   0.0 |   0.0 |  23.5 |  51.0
               +-------+-------+-------+-------+-------+----------------------

Table legend:
 A = Kills in this place as a percentage of kills in entire the game.
 B = Kills by you in this place as a percentage of kills by you in the entire game.
 C = Kills by friends in this place as a percentage of kills by friends in the entire game.
 D = Other kills in this place as a percentage of other kills in the entire game.
 E = Experience gained in this place as a percentage of experience gained in the entire game.
 F = Experience gained in this place divided by the number of levels of this place that you have seen.
                   A       B       C       D       E      F
               +-------+-------+-------+-------+-------+----------------------
         Total | 100.0 | 100.0 |  -nan |  -nan | 100.0 |  12.0
       Dungeon | 100.0 | 100.0 |  -nan |  -nan | 100.0 |  12.0
               +-------+-------+-------+-------+-------+----------------------
